 Dungeon Crawl Stone Soup version 0.26-a0-752-gcff87cac9a (webtiles) character file.

Game seed: 5850999489007889332

68996 RaHiT the Grappler (level 14, -3/129 HPs)
             Began as a Demonspawn Chaos Knight on Nov 6, 2020.
             Was a Plaything of Xom.
             Shot with an arrow by a centaur warrior (21 damage)
             ... on level 14 of the Dungeon.
             The game lasted 03:08:01 (21027 turns).

RaHiT the Grappler (Demonspawn Chaos Knight)       Turns: 21027, Time: 03:08:02

Health: -3/129     AC: 17    Str: 19 (20) XL:     14   Next: 88%
Magic:  27/27      EV: 14    Int: 22 (23) God:    Xom [....*.]
Gold:   1945       SH:  0    Dex: 18      Spells: 12/31 levels left

rFire    + . .     SeeInvis +   b - +9 hand crossbow (freeze)
rCold    + . .     Faith    .   (no shield)
rNeg     . . .     Spirit   .   X - +4 robe of Mutualism {Dex+6}
rPois    +         Reflect  .   g - +3 crown of Dyrovepreva {rElec Int+2 SInv}
rElec    +         Harm     +   T - scarf {rC+ rF+}
rCorr    .         Rampage  .   e - +2 pair of gloves "Ycsot" {Harm +Inv Str+3}
MR       +....                  (boots unavailable)
Stlth    +.........             f - amulet of regeneration
HPRegen  1.11/turn              x - +4 ring of slaying
MPRegen  0.20/turn              l - +6 ring of intelligence

@: mighty
A: claws 1, hooves 3, horns 1, thin metallic scales 3, demonic guardian 2,
deterioration 1, dopey 1, poison resistance, powered by pain 2, regeneration 1,
robust 2, electricity resistance, strong 1, MP-powered wands
a: Renounce Religion, Evoke Invisibility


You were on level 14 of the Dungeon.
You worshipped Xom.
You were a beloved toy of Xom.
You visited 2 branches of the dungeon, and saw 20 of its levels.
You also visited: Gauntlet and Ice Cave.

You collected 2272 gold pieces.
You spent 327 gold pieces at shops.

Inventory:

Hand Weapons
 b - a +9 hand crossbow of freezing (weapon)
Missiles
 a - 29 sling bullets
 h - 16 javelins
 r - 147 bolts (quivered)
 B - 13 boomerangs
 K - 6 silver javelins
 S - 687 stones
 W - 2 throwing nets
Armour
 e - the +2 pair of gloves "Ycsot" (worn) {Harm +Inv Str+3}
   (You found it in a Gauntlet)

   It affects your strength (+3).
   It lets you turn invisible.
   It increases damage dealt and taken.
 g - the +3 crown of Dyrovepreva (worn) {rElec Int+2 SInv}
   (You found it in a Gauntlet)

   It affects your intelligence (+2).
   It insulates you from electricity.
   It lets you see invisible.
 A - a +4 plate armour of magic resistance
 T - a scarf of resistance (worn)
 X - the +4 robe of Mutualism (worn) {Dex+6}
   (You found it on level 12 of the Dungeon)

   It affects your dexterity (+6).
Jewellery
 d - an uncursed amulet of reflection
 f - an amulet of regeneration (around neck)
 l - a +6 ring of intelligence (right hand)
 t - an uncursed ring of flight
 x - a +4 ring of slaying (left hand)
Wands
 i - a wand of disintegration (26)
 o - a wand of polymorph (22)
 p - a wand of flame (25)
 G - a wand of digging (18)
 Q - a wand of iceblast (7)
 R - a wand of acid (21)
Scrolls
 c - 7 scrolls of blinking
 j - a scroll of enchant armour
 k - 8 scrolls of remove curse
 m - 7 scrolls of teleportation
 s - a scroll of enchant weapon
 y - 6 scrolls of immolation
 C - a scroll of holy word
 I - 5 scrolls of fear
 J - a scroll of vulnerability
 P - 17 scrolls of identify
 V - a scroll of summoning
 Z - 2 scrolls of amnesia
Potions
 n - 10 potions of curing
 q - 7 potions of might
 u - a potion of invisibility
 w - 3 potions of heal wounds
 z - 3 potions of brilliance
 H - 3 potions of ambrosia
 L - a potion of berserk rage
 M - 3 potions of lignification
 N - 2 potions of magic
 U - 3 potions of mutation
Miscellaneous
 O - a phantom mirror (inert)


   Skills:
 - Level 9.0 Fighting
 - Level 7.0 Throwing
 + Level 8.4 Armour
 - Level 3.0 Dodging
 - Level 9.0 Unarmed Combat
 - Level 9.0 Spellcasting
 - Level 6.0 Hexes
 - Level 9.0 Necromancy
 - Level 9.0 Transmutations
 - Level 9.0 Earth Magic
 - Level 7.0 Evocations


You had 12 spell levels left.
You knew the following spells:

 Your Spells              Type           Power        Failure   Level
a - Animate Skeleton      Necr           #####.       1%          1
b - Petrify               Tmut/Erth      #####...     1%          4
c - Confusing Touch       Hex            #####...     1%          3
d - Statue Form           Tmut/Erth      #####....    26%         6
e - Animate Dead          Necr           #####.....   1%          4
o - Apportation           Tloc           #.....       7%          1

Your spell library contained the following spells:

 Spells                   Type           Power        Failure   Level
 Pain                     Necr           ####         1%          1
 Tukima's Dance           Hex            #####...     1%          3
 Vampiric Draining        Necr           #####.....   1%          3
 Leda's Liquefaction      Hex/Erth       #####.....   3%          4
 Agony                    Necr           #####...     4%          5
 Cause Fear               Hex            #####.....   5%          4
 Dazzling Flash           Conj/Hex       ###...       6%          3
 Inner Flame              Hex/Fire       ###.....     6%          3
 Shock                    Conj/Air       #...         7%          1
 Yara's Violent Unravell  Hex/Tmut       #####.....   9%          5
 Swiftness                Air            #.......     10%         2
 Fulminant Prism          Conj/Hex       ###.......   19%         4
 Gell's Gravitas          Tloc           #.........   21%         3
 Lesser Beckoning         Tloc           #.........   21%         3
 Static Discharge         Conj/Air       #.......     21%         3
 Hydra Form               Tmut           #####.....   26%         6
 Alistair's Intoxication  Tmut/Pois      ####.....    28%         5
 Irradiate                Conj/Tmut      ####......   28%         5
 Bolt of Magma            Conj/Fire/Erth ###.......   47%         5
 Metabolic Englaciation   Hex/Ice        ###.......   47%         5
 Silence                  Hex/Air        ###.......   47%         5
 Airstrike                Air            #.........   54%         4
 Invisibility             Hex            #####...     65%         6
 Dragon Form              Tmut           #####.....   80%         7
 Iron Shot                Conj/Erth      ####......   85%         6
 Lightning Bolt           Conj/Air       #.........   88%         5
 Starburst                Conj/Fire      #.........   100%        6
 Haunt                    Necr/Summ      ####......   100%        7
 Borgnjor's Revivificati  Necr           #####.....   100%        8
 Infestation              Necr           #####.....   100%        8
 Necromutation            Tmut/Necr      #####.....   100%        8
 Death's Door             Necr           #####.....   100%        9
 Shatter                  Erth           #####.....   100%        9


Dungeon Overview and Level Annotations

Branches:
Dungeon (13/15)            Temple (0/1) D:6            Lair (6/6) D:9
  Swamp (0/4) Lair:3       Spider (0/4) Lair:3        Slime (0/5) Lair:6
    Orc (0/2) D:12          IceCv (visited)         Gauntlet (visited)
 Vaults: D:13-14

Altars:
Ashenzari
Fedhas
Gozag
Kikubaaqudgha
Uskayaw
The Shining One

Shops:
D:11 *


Innate Abilities, Weirdness & Mutations

You have hooves in place of feet.
You are completely covered in thin metallic scales. (AC +4, rElec)
A demonic guardian rushes to your aid.
You sometimes gain power by taking damage.
You are very robust. (+20% HP)
You have sharp fingernails.
You have a pair of small horns on your head.
Your body sometimes deteriorates upon taking damage.
You are dopey. (Int -2)
Your system is resistant to poisons. (rPois)
Your natural rate of healing is unusually fast.
You are resistant to electric shocks. (rElec)
Your muscles are strong. (Str +2)
You expend magic power (3 MP) to strengthen your wands.


Message History

Your vampire mosquito zombie barely misses the centaur warrior.
The centaur warrior shoots an arrow.
The arrow hits you!
* * * LOW HITPOINT WARNING * * *
You focus on the pain.
You feel very mighty all of a sudden.
Your vampire mosquito zombie closely misses the centaur warrior.
The centaur warrior shoots an arrow.
The arrow hits your smoke demon!!
Your smoke demon hits the centaur warrior. x3
Your vampire mosquito zombie closely misses the centaur warrior.
Firing (i - inventory. (/) - cycle)
r - 148 bolts (quivered)
Press: ? - help, Shift-Dir - straight line, f - ogre, p - centaur warrior
Aim: an ogre, wielding a +0 giant club You shoot a bolt.
The bolt hits the ogre!!
The bolt freezes the ogre.
The ogre is almost dead.
The centaur warrior shoots an arrow.
The arrow hits your smoke demon!!
Your smoke demon dies!
Your vampire mosquito zombie closely misses the centaur warrior.
The centaur warrior shoots an arrow.
The arrow hits you!!
You die...
Xom is highly amused! .... ..c .cc

#+ ..# ###. #c#
#... #(#
##'#)###c#
#....@.)Z#
#......((########
#........'.......
#........#######.
#....O...#
#.....)..#
#####(#### #..###
##...#


You could see a centaur warrior, an ogre and a friendly vampire mosquito zombie.

Vanquished Creatures
  Jorgrun (D:14)
  An entropy weaver (Lair:5)
  A minotaur (Gauntlet)
  A merfolk avatar (Lair:6)
  3 hydras
  A two-headed ogre (D:13)
  7 death yaks
  An alligator (D:12)
  The ghost of triki the Covert, a novice GnEn of Sif Muna (D:10)
  A wizard (D:12)
  Pikel (D:4)
  A harpy (Lair:6)
  2 oklob plants (Lair:6)
  3 ugly things
  A manticore (Lair:6)
  A rust devil (Gauntlet)
  An elephant (Lair:6)
  4 black mambas
  3 ice statues (IceCv)
  A gargoyle (D:12)
  A torpor snail (Lair:5)
  14 cane toads
  A centaur skeleton (D:12)
  7 rime drakes
  18 komodo dragons
  A troll (D:11)
  A jumping spider (Lair:3)
  2 hornets (Lair:6)
  5 polar bears
  A queen bee (Lair:3)
  5 dream sheep (Lair:6)
  22 blink frogs
  2 shadows
  2 wraiths
  5 wyverns
  A ynoxinul (Gauntlet)
  4 basilisks
  41 yaks
  2 steam dragons (Lair:3)
  2 vampire mosquitoes
  18 water moccasins
  An orc warrior (D:10)
  5 ice beasts
  3 sky beasts
  3 black bears
  A hornet zombie (D:12)
  4 phantoms
  6 necrophages (Lair:3)
  18 wolves
  5 ogres
  7 centaurs
  Blork the orc (D:5)
  20 bullfrogs
  3 troll zombies (D:12)
  4 scorpions
  24 killer bees
  A wight (D:4)
  2 bullfrog zombies
  8 hounds
  4 jellies
  4 orc priests
  2 bullfrog skeletons
  2 centaur zombies
  Crazy Yiuf (D:5)
  10 orc wizards
  4 iron imps (Gauntlet)
  Jessica (D:2)
  4 iguanas
  4 worker ants
  2 hell rats (Lair:6)
  5 ogre zombies (D:12)
  A worker ant zombie (D:11)
  4 gnolls (D:3)
  6 adders
  5 river rats (Lair:6)
  A shadow imp (D:10)
  3 white imps
  3 ufetubi
  3 adder skeletons
  4 worms (D:3)
  3 dart slugs
  2 leopard geckos
  29 orcs
  4 giant cockroaches
  11 goblins
  6 hobgoblins
  20 jackals
  A quokka (D:6)
  7 bats
  5 frilled lizards
  2 goblin skeletons (D:12)
  4 goblin zombies (D:12)
  A hobgoblin skeleton (D:12)
  6 kobolds
  An orc skeleton (D:12)
  17 orc zombies (D:12)
  14 rats
513 creatures vanquished.

Vanquished Creatures (collateral kills)
  A cacodemon (Gauntlet)
  A dire elephant (Lair:6)
  4 hydras
  A centaur warrior (D:13)
  3 two-headed ogres
  An alligator (Lair:6)
  5 death yaks
  Nergalle (Lair:4)
  The ghost of Mitsuki the Shield-Bearer, a novice MiFi of Ru (D:7)
  2 wizards (D:12)
  A manticore (D:13)
  An ugly thing (D:8)
  A deep elf mage (D:12)
  4 elephants (D:8)
  Psyche (D:9)
  3 centaur skeletons
  3 cane toads
  2 rime drakes (Lair:6)
  An orange demon (Gauntlet)
  3 komodo dragons (Lair:6)
  2 polar bears (Lair:6)
  A troll (D:10)
  2 hornets (Lair:6)
  A dream sheep (Lair:6)
  4 blink frogs
  17 yaks
  2 wyverns (Lair:3)
  A golden eye (shapeshifter) (D:2)
  Grum (D:11)
  3 vampire mosquitoes
  3 water moccasins
  A soldier ant (D:10)
  6 ice beasts
  A hornet zombie (D:8)
  2 phantoms
  2 ogres (D:10)
  3 wolves
  6 centaurs
  3 bullfrogs
  A scorpion (D:4)
  6 killer bees
  3 wights (D:4)
  An orc priest (D:4)
  5 orc wizards
  A worker ant (D:8)
  A hell rat (Lair:6)
  An adder (D:4)
  5 orcs
  2 jackals (D:6)
  A frilled lizard (D:4)
128 creatures vanquished.

Vanquished Creatures (others)
  A rat (D:3)
  39 fungi
  103 plants
143 creatures vanquished.

Grand Total: 784 creatures vanquished

Notes
Turn   | Place    | Note
-------+----------+-------------------------------------------
     0 | D:1      | RaHiT the Demonspawn Chaos Knight began the quest for the
                  | Orb.
     0 | D:1      | Reached XP level 1. HP: 18/18 MP: 1/1
    42 | D:1      | XOM: divination: magic mapping
   141 | D:1      | Reached skill level 1 in Dodging
   190 | D:1      | Gained mutation: You have large cloven feet. [demonic
                  | ancestry]
   190 | D:1      | Reached XP level 2. HP: 5/24 MP: 2/2
   212 | D:1      | XOM: give mutations
   212 | D:1      | Gained mutation: You are weak. (Str -2) [Xom's mischief]
   212 | D:1      | Lost mutation: You are weak. (Str -2) [Xom's mischief]
   212 | D:1      | Gained mutation: You occasionally shout uncontrollably at
                  | your foes. [Xom's mischief]
   618 | D:1      | XOM: god gift: morningstar {god gift}
   726 | D:1      | XOM: 2-stop teleportation journey
  1270 | D:2      | Gained mutation: A weak demonic guardian rushes to your
                  | aid. [demonic ancestry]
  1270 | D:2      | Reached XP level 3. HP: 26/29 MP: 3/3
  1296 | D:2      | Noticed a shapeshifter
  1296 | D:2      | an adder changed into a shapeshifter
  1296 | D:2      | XOM: polymorph adder -> shapeshifter
  1296 | D:2      | Noticed a blink frog
  1296 | D:2      | a shapeshifter changed into a blink frog
  1297 | D:2      | XOM: cast spell 'Necromutation'
  1299 | D:2      | XOM: smoke on damage
  1300 | D:2      | Noticed a golden eye
  1300 | D:2      | a blink frog changed into a golden eye
  1306 | D:2      | Killed a golden eye
  1306 | D:2      | Reached skill level 5 in Unarmed Combat
  1306 | D:2      | Gained mutation: You have hoof-like feet. [demonic
                  | ancestry]
  1306 | D:2      | Reached XP level 4. HP: 15/35 MP: 4/4
  1616 | D:2      | Gained mutation: You are partially covered in thin metallic
                  | scales. (AC +2) [demonic ancestry]
  1616 | D:2      | Reached XP level 5. HP: 36/41 MP: 5/5
  1707 | D:2      | XOM: 6-stop teleportation journey
  1740 | D:2      | XOM: 2-stop teleportation journey
  1741 | D:2      | Noticed Jessica
  1745 | D:2      | Killed Jessica
  1910 | D:2      | You fall into a shaft and drop 2 floors!
  1988 | D:3      | XOM: destruction
  2048 | D:3      | XOM: give mutations
  2048 | D:3      | Gained mutation: Your system is resistant to poisons.
                  | (rPois) [Xom's mischief]
  2048 | D:3      | Lost mutation: You occasionally shout uncontrollably at
                  | your foes. [Xom's mischief]
  2048 | D:3      | Gained mutation: You are frail. (-10% HP) [Xom's mischief]
  2066 | D:3      | Found a hide-covered altar of Uskayaw.
  2084 | D:3      | Gained mutation: You sometimes gain a little power by
                  | taking damage. [demonic ancestry]
  2084 | D:3      | Reached XP level 6. HP: 39/45 MP: 6/6
  2329 | D:3      | XOM: scenery: 1 doors open
  2355 | D:3      | XOM: god gift: 13 stones
  2361 | D:3      | Reached skill level 5 in Fighting
  2385 | D:3      | XOM: silly message
  2777 | D:3      | XOM: divination: detect creatures
  3128 | D:4      | Reached skill level 1 in Throwing
  3177 | D:4      | Found the +2 cloak of the Thief {*Fog Slay-2 SInv Stlth+}
  3187 | D:4      | Noticed Pikel
  3218 | D:4      | XOM: divination: detect creatures
  3228 | D:4      | Killed Pikel
  3228 | D:4      | Gained mutation: You are mostly covered in thin metallic
                  | scales. (AC +3) [demonic ancestry]
  3228 | D:4      | Reached XP level 7. HP: 45/50 MP: 7/7
  3377 | D:4      | XOM: cast spell 'Summon Mana Viper'
  3387 | D:4      | Gained mutation: A demonic guardian rushes to your aid.
                  | [demonic ancestry]
  3387 | D:4      | Reached XP level 8. HP: 31/55 MP: 8/8
  3422 | D:4      | XOM: confuse monster(s)
  3461 | D:4      | HP: 2/55 [wight/+0 halberd (10)]
  3598 | D:3      | XOM: divination: detect creatures
  4029 | D:5      | Entered Level 5 of the Dungeon
  4074 | D:5      | XOM: smoke on damage
  4184 | D:5      | XOM: 1-stop teleportation journey
  4409 | D:5      | XOM: potion effect (haste)
  4536 | D:5      | Noticed Blork the orc
  4551 | D:5      | Killed Blork the orc
  4551 | D:5      | Reached skill level 5 in Evocations
  4629 | D:5      | XOM: cast spell 'Cause Fear'
  4798 | D:5      | Learned a level 1 spell: Animate Skeleton
  4964 | D:5      | Found a runed translucent door.
  4965 | D:5      | Noticed Crazy Yiuf
  5007 | D:5      | Killed Crazy Yiuf
  5120 | D:6      | XOM: potion effect (invisibility)
  5131 | D:6      | XOM: cast spell 'Summon Ice Beast'
  5137 | D:6      | Reached skill level 5 in Throwing
  5212 | D:6      | XOM: noise
  5217 | D:6      | Reached skill level 1 in Spellcasting
  5230 | D:6      | Found a glowing golden altar of the Shining One.
  5230 | D:6      | Found an ancient bone altar of Kikubaaqudgha.
  5230 | D:6      | Found a blossoming altar of Fedhas.
  5230 | D:6      | Found a broken altar of Ashenzari.
  5542 | D:6      | Found a staircase to the Ecumenical Temple.
  5693 | D:6      | XOM: silly message
  5888 | D:7      | XOM: silly message
  5930 | D:7      | Found a runed translucent gate.
  5931 | D:7      | Found a runed translucent gate.
  5932 | D:7      | Found a runed translucent gate.
  5934 | D:7      | Noticed Mitsuki's ghost (novice MiFi)
  6053 | D:7      | Reached skill level 5 in Armour
  6058 | D:7      | Reached XP level 9. HP: 53/61 MP: 10/10
  6067 | D:7      | XOM: smoke on damage
  6112 | D:7      | XOM: divination: magic mapping
  6300 | D:7      | XOM: potion effect (haste)
  6697 | D:7      | XOM: silly message
  6714 | D:7      | Killed Mitsuki's ghost
  6900 | D:8      | XOM: divination: magic mapping
  7022 | D:8      | XOM: potion effect (haste)
  7084 | D:8      | Noticed a purple ugly thing
  7090 | D:8      | XOM: divination: detect items
  7104 | D:8      | Killed a purple ugly thing
  7119 | D:8      | Found an ancient bone altar of Kikubaaqudgha.
  7152 | D:8      | Noticed an elephant
  7159 | D:8      | Noticed an elephant
  7167 | D:8      | Killed an elephant
  7187 | D:8      | Killed an elephant
  7241 | D:8      | Noticed an elephant
  7256 | D:8      | Killed an elephant
  7256 | D:8      | Gained mutation: You have hooves in place of feet. [demonic
                  | ancestry]
  7256 | D:8      | Reached XP level 10. HP: 38/71 MP: 14/16
  7418 | D:8      | XOM: cloud trail
  7438 | D:8      | Noticed an elephant
  7482 | D:8      | Killed an elephant
  8081 | D:9      | Noticed Psyche
  8092 | D:9      | Killed Psyche
  8101 | D:9      | Found a staircase to the Lair.
  8124 | D:9      | XOM: polymorph wyvern -> ice beast
  8126 | D:9      | XOM: scenery: 1 doors close
  8138 | D:9      | XOM: god gift: 16 gold pieces
  8156 | D:9      | Found an opulent altar of Gozag.
  8621 | D:10     | Entered Level 10 of the Dungeon
  8641 | D:10     | Found a transporter.
  8642 | D:10     | Found a transporter.
  8642 | D:10     | Identified the +3 dire flail of the Foot {drain, rElec
                  | Str+4 Int+6 Dex-3}
  8642 | D:10     | Identified the +0 great mace "Qaopheg" {freeze, rElec rN+
                  | Str+6}
  8642 | D:10     | Noticed a two-headed ogre
  8642 | D:10     | Noticed triki's ghost (novice GnEn)
  9062 | D:10     | XOM: scenery: summon butterflies
  9067 | D:10     | XOM: cleaving
  9068 | D:10     | XOM: cleaving
  9073 | D:10     | XOM: scenery: summon butterflies
  9236 | D:10     | XOM: summons friendly shadow imp
  9252 | D:10     | XOM: fake destruction
  9441 | D:10     | XOM: potion effect (curing)
  9801 | D:10     | XOM: summons 8 friendly demons
  9816 | D:10     | Killed a two-headed ogre
  9861 | D:10     | Killed triki's ghost
  9931 | D:10     | XOM: god gift: 34 gold pieces
 10102 | D:11     | Noticed a two-headed ogre
 10104 | D:11     | XOM: summons friendly ufetubus
 10114 | D:11     | Killed a two-headed ogre
 10129 | D:11     | Noticed Grum
 10136 | D:11     | XOM: smoke on damage
 10142 | D:11     | Killed Grum
 10214 | D:11     | Gained mutation: You are completely covered in thin
                  | metallic scales. (AC +4, rElec) [demonic ancestry]
 10214 | D:11     | Reached XP level 11. HP: 57/80 MP: 17/17
 10284 | D:11     | XOM: divination: detect creatures
 10290 | D:11     | Found Fucveocs's Assorted Antiques.
 10302 | D:11     | Bought a scroll labeled FAJUNADDEOSH for 30 gold pieces
 10302 | D:11     | Bought a glowing scarf for 240 gold pieces
 10302 | D:11     | Bought a pink potion for 27 gold pieces
 10340 | D:11     | Bought a scroll labeled MEZEHO KIGA for 30 gold pieces
 10493 | D:11     | XOM: cast spell 'Summon Small Mammal'
 10965 | D:12     | XOM: cast spell 'Call Canine Familiar'
 11002 | D:12     | Found a gate leading to a gauntlet.
 11037 | Gauntlet | Entered a Gauntlet
 11037 | Gauntlet | Found a transporter.
 11037 | Gauntlet | Found a transporter.
 11037 | Gauntlet | Found a transporter.
 11042 | Gauntlet | Noticed a necromancer
 11043 | Gauntlet | Found a transporter.
 11044 | Gauntlet | Found a transporter.
 11050 | Gauntlet | Noticed a ghost crab
 11053 | Gauntlet | Noticed a green death
 11055 | Gauntlet | Found a transporter.
 11059 | Gauntlet | Found a transporter.
 11069 | Gauntlet | Found a transporter.
 11071 | Gauntlet | Found a transporter.
 11081 | Gauntlet | Noticed a four-headed hydra
 11159 | Gauntlet | Found a transporter.
 11173 | Gauntlet | Found a transporter.
 11175 | Gauntlet | Found a transporter.
 11176 | Gauntlet | Found the +3 crown of Dyrovepreva {rElec Int+2 SInv}
 11180 | Gauntlet | Noticed a cacodemon
 11250 | Gauntlet | XOM: divination: detect items
 11259 | Gauntlet | XOM: silly message
 11262 | Gauntlet | XOM: butterfly on damage
 11271 | Gauntlet | XOM: divination: detect items
 11369 | Gauntlet | Got a pair of bloodstained gloves
 11380 | Gauntlet | Identified the +2 pair of gloves "Ycsot" {Harm +Inv Str+3}
                  | (You found it in a Gauntlet)
 11474 | Gauntlet | XOM: divination: detect creatures
 11501 | Gauntlet | XOM: cast spell 'Disjunction'
 11561 | Gauntlet | XOM: divination: detect items
 11673 | Gauntlet | XOM: confuse monster(s)
 11707 | Gauntlet | Killed a cacodemon
 11763 | Gauntlet | XOM: give mutations
 11763 | Gauntlet | Gained mutation: Your muscles are strong. (Str +2) [Xom's
                  | grace]
 11763 | Gauntlet | Gained mutation: Your natural rate of healing is unusually
                  | fast. [Xom's grace]
 11763 | Gauntlet | Gained mutation: You have sharp fingernails. [Xom's grace]
 11763 | Gauntlet | Gained mutation: You are resistant to electric shocks.
                  | (rElec) [Xom's grace]
 11811 | Gauntlet | Noticed a minotaur
 11823 | Gauntlet | Killed a minotaur
 12312 | D:12     | Noticed a boulder beetle
 12318 | D:12     | Noticed a goliath frog
 12318 | D:12     | a boulder beetle changed into a goliath frog
 12319 | D:12     | Noticed an alligator
 12319 | D:12     | a goliath frog changed into an alligator
 12319 | D:12     | XOM: polymorph goliath frog -> alligator
 12330 | D:12     | Killed an alligator
 12335 | D:12     | Learned a level 3 spell: Confusing Touch
 12340 | D:12     | Learned a level 4 spell: Petrify
 12347 | D:12     | Learned a level 6 spell: Statue Form
 12443 | D:12     | Noticed a deep elf mage
 12444 | D:12     | Noticed a wizard
 12446 | D:12     | Killed a deep elf mage
 12449 | D:12     | Noticed a wizard
 12450 | D:12     | Killed a wizard
 12451 | D:12     | Killed a wizard
 12451 | D:12     | Reached skill level 5 in Spellcasting
 12453 | D:12     | Identified the Tome of Sand
 12468 | D:12     | Noticed a wizard
 12469 | D:12     | Identified Nadehozi's Catalogue of Dhcmrlchtdj
 12471 | D:12     | XOM: divination: detect creatures
 12478 | D:12     | Killed a wizard
 12484 | D:12     | Identified Ts'ui PĂȘn's Volume of Forking Paths
 12507 | D:12     | Got a heavily jewelled robe
 12518 | D:12     | Identified the +4 robe of Mutualism {Dex+6} (You found it
                  | on level 12 of the Dungeon)
 12583 | D:12     | XOM: noise
 12591 | D:12     | Found a staircase to the Orcish Mines.
 12869 | D:12     | XOM: scenery: 2 doors close
 12923 | D:12     | XOM: god gift: 562 gold pieces
 12982 | Lair:1   | Entered Level 1 of the Lair of Beasts
 13060 | Lair:1   | XOM: 2-stop teleportation journey
 13243 | Lair:1   | Reached skill level 1 in Hexes
 13243 | Lair:1   | Lost mutation: You are frail. (-10% HP) [demonic ancestry]
 13243 | Lair:1   | Gained mutation: You are robust. (+10% HP) [demonic
                  | ancestry]
 13243 | Lair:1   | Reached XP level 12. HP: 65/104 MP: 22/22
 13255 | Lair:1   | XOM: summons 4 hostile shadow creatures
 13284 | Lair:1   | XOM: fake destruction
 13288 | Lair:1   | XOM: confuse monster(s)
 13298 | Lair:1   | Reached skill level 1 in Necromancy
 13301 | Lair:1   | XOM: summons 2 hostile shadow creatures
 13343 | Lair:1   | XOM: god gift: glowing great mace {god gift}
 13460 | Lair:1   | XOM: 2-stop teleportation journey
 13647 | Lair:1   | XOM: butterfly on damage
 13857 | Lair:1   | XOM: enchant monster (good)
 13873 | Lair:1   | XOM: summons 4 friendly demons
 13945 | Lair:1   | Noticed a four-headed hydra
 13949 | Lair:1   | Killed a four-headed hydra
 14095 | Lair:2   | Reached skill level 5 in Necromancy
 14111 | Lair:2   | Noticed a five-headed hydra
 14119 | Lair:2   | Killed a five-headed hydra
 14206 | Lair:2   | Reached skill level 5 in Hexes
 14206 | Lair:2   | Reached skill level 1 in Transmutations
 14287 | Lair:2   | Noticed a four-headed hydra
 14289 | Lair:2   | XOM: silly message
 14294 | Lair:2   | Killed a four-headed hydra
 14302 | Lair:2   | Got a faintly humming scale mail
 14304 | Lair:2   | Found a frozen archway.
 14317 | IceCv    | Entered an ice cave
 14366 | IceCv    | Learned a level 1 spell: Apportation
 14371 | IceCv    | XOM: noise
 14430 | IceCv    | XOM: noise
 14501 | IceCv    | XOM: silly message
 14507 | IceCv    | Reached skill level 5 in Transmutations
 14559 | IceCv    | Identified the +0 scale mail of Iwkut {rCorr} (You found it
                  | on level 2 of the Lair of Beasts)
 14687 | Lair:2   | XOM: 3-stop teleportation journey
 14915 | Lair:2   | Reached skill level 1 in Earth Magic
 15306 | Lair:3   | XOM is BORED!
 15392 | Lair:3   | Found a staircase to the Swamp.
 15440 | Lair:3   | XOM: blink monster(s)
 15449 | Lair:3   | XOM: confusion (+ monsters)
 15470 | Lair:3   | Gained mutation: You are very robust. (+20% HP) [demonic
                  | ancestry]
 15470 | Lair:3   | Reached XP level 13. HP: 104/121 MP: 23/23
 15593 | Lair:3   | Found a hole to the Spider Nest.
 15595 | Lair:3   | XOM: confuse monster(s)
 15678 | Lair:3   | XOM: enchant monster (bad)
 15682 | Lair:3   | XOM: silly message
 15692 | Lair:3   | XOM: silly message
 15705 | Lair:3   | Reached skill level 5 in Earth Magic
 15720 | Lair:3   | XOM: 1-stop teleportation journey
 15737 | Lair:3   | XOM: summons 4 hostile shadow creatures
 15740 | Lair:3   | Paralysed by a hornet for 2 turns
 16010 | Lair:3   | XOM: silly message
 16029 | Lair:3   | XOM: smoke on damage
 16065 | Lair:3   | Got a translucent whip
 16066 | Lair:3   | Identified the +5 whip of Uncomfortable Rashes {drain,
                  | *Corrode rElec rC+} (You found it on level 3 of the Lair of
                  | Beasts)
 16208 | Lair:3   | XOM: potion effect (invisibility)
 16303 | Lair:3   | XOM: silly message
 16358 | Lair:3   | Got a jewelled rapier
 16359 | Lair:3   | Identified the cursed +0 rapier of Xiklelonui {drain, MR+
                  | Int-2 SInv} (You found it on level 3 of the Lair of Beasts)
 16553 | Lair:3   | XOM: swap monsters
 16981 | Lair:4   | XOM: confusion (+ monsters)
 17003 | Lair:4   | XOM: confusion (+ monsters)
 17221 | Lair:4   | Learned a level 4 spell: Animate Dead
 17233 | Lair:4   | Noticed Nergalle
 17239 | Lair:4   | Killed Nergalle
 17487 | Lair:4   | XOM: give mutations
 17487 | Lair:4   | Gained mutation: You are dopey. (Int -2) [Xom's mischief]
 17487 | Lair:4   | Gained mutation: Your body sometimes deteriorates upon
                  | taking damage. [Xom's mischief]
 17487 | Lair:4   | Gained mutation: You expend magic power (3 MP) to
                  | strengthen your wands. [Xom's mischief]
 17521 | Lair:4   | XOM: enchant monster (good)
 17549 | Lair:4   | XOM: give mutation
 17549 | Lair:4   | Gained mutation: You have a pair of small horns on your
                  | head. [Xom's grace]
 17699 | Lair:4   | XOM: cloud trail
 18207 | Lair:5   | XOM: 2-stop teleportation journey
 18413 | Lair:5   | XOM: scenery: 1 fountains blood, 1 doors close
 18441 | Lair:5   | Gained mutation: You sometimes gain power by taking damage.
                  | [demonic ancestry]
 18441 | Lair:5   | Reached XP level 14. HP: 110/129 MP: 24/24
 18575 | Lair:5   | Noticed an entropy weaver
 18575 | Lair:5   | a death yak changed into an entropy weaver
 18575 | Lair:5   | XOM: polymorph death yak -> entropy weaver
 18589 | Lair:5   | Killed an entropy weaver
 18599 | Lair:5   | XOM: confuse monster(s)
 18892 | Lair:6   | Entered Level 6 of the Lair of Beasts
 19098 | Lair:6   | XOM: blink monster(s)
 19120 | Lair:6   | XOM: enchant monster (bad)
 19276 | Lair:6   | Paralysed by a hornet for 2 turns
 19340 | Lair:6   | XOM: confusion
 19363 | Lair:6   | XOM: 1-stop teleportation journey
 19557 | Lair:6   | XOM: swap monsters
 19681 | Lair:6   | XOM: silly message
 19683 | Lair:6   | XOM: silly message
 19775 | Lair:6   | Found a staircase to the Slime Pits.
 19860 | Lair:6   | XOM: god gift: 16 gold pieces
 19886 | Lair:6   | XOM: divination: detect creatures
 20482 | D:9      | XOM: divination: detect creatures
 20584 | D:12     | XOM: noise
 20585 | D:13     | XOM: stealth player
 20587 | D:13     | XOM: cast spell 'Summon Ice Beast'
 20638 | D:12     | XOM: god gift: halberd {god gift}
 20685 | D:13     | XOM: cast spell 'Call Canine Familiar'
 20710 | D:13     | XOM: noise
 20760 | D:13     | Identified the +9 executioner's axe of the Moth {drain,
                  | *Drain Str+4 Int+5}
 20769 | D:13     | XOM: cast spell 'Cause Fear'
 20953 | D:13     | You fall into a shaft and drop 1 floor!
 20976 | D:14     | XOM: noise
 20982 | D:14     | Noticed Jorgrun
 20983 | D:14     | XOM: potion effect (berserk rage)
 20994 | D:14     | Killed Jorgrun
 21023 | D:14     | XOM: silly message
 21027 | D:14     | Shot with an arrow by a centaur warrior

Illustrated notes

Levels and vault maps discovered:
D:1:      dpeg_arrival_chambers_temple_mockup, layout_basic, minmay_box_of_dots
D:2:      layout_rooms, st_stairs_12, uniq_jessica
D:3:      layout_loops_corners, eat_drink_and_be_merry_uskayaw,
          minmay_quadrilaterals
D:4:      layout_rooms, uniq_pikel
D:5:      layout_loops_corners, serial_bayou_pond_a, uniq_blork_the_orc,
          uniq_crazy_yiuf_cottage
D:6:      layout_gridville, chequers_temple_overflow_statue_of_worship,
          minmay_temple_entry_mini_moons
D:7:      layout_gridville, ebering_ghost_rock_garden
D:8:      wad_woods_stonehenge, layout_basic
D:9:      layout_roguey, nicolae_gozag_seed_capital, lair_entry_dummy,
          uniq_psyche
D:10:     layout_basic, gammafunk_ghost_smash, minmay_strange_pillars
D:11:     layout_small_grid, serial_shops,
          nicolae_shop_competitors_out_of_business, uniq_grum
D:12:     layout_irregular_city, zombieorc2_lemuel, gauntlet_entry_generic,
          bh_hangedman_babel_library
D:13:     argonaut_augean_stables, layout_gridville
D:14:     layout_roguey, david_vaults_4, minmay_misc_feat_enclosed,
          uniq_jorgrun, uniq_louise
Lair:1:   layout_layer_cave, beast_lair_carwin_1, grunt_megastairs_2,
          infiniplex_staircase_pool
Lair:2:   layout_small_grid, portal_ice_cave_entry_pillars_2,
          grunt_megastairs_4, lemuel_fruit_tree
Lair:3:   regret_index_tunnel_blossom, layout_cave_pods, swamp_mist,
          spider_nest_entry_rubble, roderic_carrion_pond
Lair:4:   layout_big_grid, uniq_nergalle
Lair:5:   layout_cave_pods, serial_bayou_crossing, serial_bayou_shore_b,
          grunt_megastairs_1
Lair:6:   gammafunk_lair_ancient_temple, layout_regular_city,
          minmay_slime_entry_oklob_enclosed, kennysheep_abandoned_house

Skill      XL: |  1  2  3  4  5  6  7  8  9 10 11 12 13 14 |
---------------+-------------------------------------------+-----
Dodging        | 1 3 |  3.0
Armour         | 2 5 7 8 |  8.4
Unarmed Combat | 3 5 7 9 |  9.0
Fighting       | 4 5 7 9 |  9.0
Throwing       | 4 5 6 7 |  7.0
Evocations     | 2 3 5 7 |  7.0
Spellcasting   | 1 4 7 9 |  9.0
Hexes          | 1 6 |  6.0
Necromancy     | 5 9 |  9.0
Transmutations | 5 8 9 |  9.0
Earth Magic    | 4 9 |  9.0

Action                   |  1- 3 |  4- 6 |  7- 9 | 10-12 | 13-15 || total
-------------------------+-------+-------+-------+-------+-------++-------
Melee: Unarmed           |   103 |   166 |   375 |   539 |   310 ||  1493
       Kick              |    12 |    33 |    97 |   176 |   137 ||   455
       Punch             |       |     4 |     7 |    19 |    11 ||    41
       Trident           |       |       |       |     1 |       ||     1
       Headbutt          |       |       |       |       |    36 ||    36
       Hand crossbow     |       |       |       |       |     1 ||     1
 Fire: Hand crossbow     |       |       |       |   130 |   289 ||   419
Throw: Stone             |     8 |    30 |     9 |     6 |       ||    53
       Boomerang         |       |     5 |    24 |    36 |       ||    65
       Dart              |       |       |    36 |    31 |    19 ||    86
       Javelin           |       |       |       |     5 |       ||     5
 Cast: Animate Skeleton  |       |       |    12 |    45 |    21 ||    78
       Apportation       |       |       |       |     1 |    40 ||    41
       Animate Dead      |       |       |       |       |    33 ||    33
       Statue Form       |       |       |       |       |     1 ||     1
 Abil: Evoke Invisibilit |       |       |       |     2 |       ||     2
Evoke: Wand              |       |       |     2 |     5 |     1 ||     8
       Phantom mirror    |       |       |       |     1 |     1 ||     2
  Use: Scroll            |       |     3 |     7 |    24 |     7 ||    41
       Potion            |       |     1 |     2 |     4 |       ||     7
 Stab: Sleeping          |       |     1 |     1 |       |       ||     2
       Invisible         |       |       |     2 |     4 |     2 ||     8
       Distracted        |       |       |       |     1 |     2 ||     3
       Confused          |       |       |       |       |     1 ||     1
Armor: Leather armour    |    29 |    39 |    18 |       |       ||    86
       Skin              |       |     6 |     4 |       |    11 ||    21
       Ring mail         |       |       |   141 |   151 |       ||   292
       Robe              |       |       |       |    65 |   106 ||   171
Dodge: Dodged            |    56 |    67 |   153 |   255 |   235 ||   766
Block: Other             |    19 |    25 |    53 |    41 |       ||   138
       Reflection        |       |       |     3 |     2 |       ||     5

Table legend: (Time is in decaauts)
 A = Elapsed time spent in this place.
 B = Non-inter-level travel time spent in this place.
 C = Inter-level travel time spent in this place.
 D = Time resting spent in this place.
 E = Time spent auto-exploring this place.
 F = Levels seen in this place.
 G = Mean time per level.
                   A        B        C        D        E       F      G
               +--------+--------+--------+--------+--------+-----+--------+
         Total |  20941 |  19936 |   1005 |   1047 |   4986 |  22 |  951.9 |
       Dungeon |  12445 |  11729 |    716 |    671 |   2664 |  14 |  888.9 |
          Lair |   7284 |   6995 |    289 |     84 |   2322 |   6 | 1214.0 |
      Ice Cave |    298 |    298 |      0 |      0 |      0 |   1 |  298.0 |
      Gauntlet |    912 |    912 |      0 |    292 |      0 |   1 |  912.0 |
               +--------+--------+--------+--------+--------+-----+--------+

Top non-repeatable levels by time:
  Lair:3: 1718 daAuts
    D:10: 1549 daAuts
  Lair:6: 1488 daAuts
     D:1: 1252 daAuts
     D:8: 1184 daAuts
    D:12: 1176 daAuts
     D:3: 1156 daAuts
  Lair:1: 1138 daAuts
     D:5: 1053 daAuts
  Lair:5: 1039 daAuts
  Lair:2: 952 daAuts
  Lair:4: 947 daAuts
     D:7: 914 daAuts
Gauntlet: 912 daAuts
    D:11: 848 daAuts
